Map: Celestial Enclave LE

Players

SLicKcHeeZEE - Winner!

  • Race: Zerg Zerg
  • League: Bronze
  • Spawn Location: 1:00

A.I. 1 (Elite)

  • Race: Terran Terran
  • Spawn Location: 7:00

VOD

Have the link to the VOD?

Description

Time

  • Played on: Sept. 26, 2026, 5 p.m.
  • Length: 14:52
Show
View Real Time Build Order
Export as new Build Order

SLicKcHeeZEE Zerg - Winner!

Build Orders: Hatch First, Roach Hydra 

Get SALT Encoding   

  8  0:00  Drone  
  9  0:11  Drone  
  10  0:16  Drone  
  11  0:27  Overlord  
  11  0:33  Drone  
  12  0:45  Drone x2  
  14  0:51  Drone  
  15  1:13  Hatchery  
  15  1:16  Drone  
  15  1:19  Drone  
  15  1:24  Drone  
  17  1:38  Spawning Pool  
  16  1:42  Drone  
  16  1:45  Extractor  
  16  1:47  Drone  
  17  1:51  Drone  
  18  2:00  Drone  
  19  2:10  Overlord  
  19  2:25  Queen  
  19  2:26  Queen  
  19  2:29  Zergling x2  
  24  2:30  Drone  
  24  2:33  Drone  
  24  2:36  Drone  
  27  2:40  Drone  
  28  2:46  Metabolic Boost  
  28  2:53  Extractor  
  28  2:54  Overlord  
  27  3:04  Roach Warren  
  26  3:11  Drone x2  
  26  3:12  Drone  
  29  3:23  Lair  
  29  3:25  Drone  
  30  3:31  Overlord  
  30  3:44  Roach x2  
  30  3:46  Roach  
  36  3:50  Roach  
  38  3:59  Queen  
  38  4:02  Drone  
  41  4:08  Drone x2  
  43  4:10  Drone  
  43  4:13  Drone  
  45  4:22  Hydralisk Den  
  45  4:23  Glial Reconstitution  
  44  4:29  Overlord  
  44  4:35  Extractor  
  44  4:36  Drone x2  
  44  4:37  Drone  
  46  4:50  Hydralisk x2  
  50  4:52  Hydralisk  
  50  4:56  Hydralisk  
  54  5:01  Overlord  
  54  5:04  Drone  
  54  5:06  Drone  
  56  5:09  Grooved Spines  
  56  5:18  Evolution Chamber  
  56  5:21  Evolution Chamber  
  54  5:23  Drone x2  
  54  5:24  Drone  
  57  5:40  Hatchery  
  56  5:44  Zerg Missile Weapons Level 1  
  56  5:47  Zerg Ground Armor Level 1  
  56  5:56  Roach x2  
  60  5:59  Roach  
  60  6:00  Roach  
  64  6:04  Overlord  
  64  6:10  Muscular Augments  
  64  6:23  Hydralisk x2  
  64  6:24  Hydralisk  
  64  6:25  Hydralisk  
  72  6:32  Overlord  
  72  6:55  Hydralisk  
  72  6:56  Hydralisk x3  
  72  6:58  Roach x2  
  72  7:01  Overlord x2  
  84  7:18  Queen  
  86  7:33  Ravager x3  
  86  7:36  Overlord  
  89  7:54  Roach x3  
  89  7:55  Roach, Hydralisk x4  
  60  9:29  Roach x4  
  67  9:36  Hydralisk  
  67  9:37  Hydralisk x4, Roach x3  
  67  9:38  Hydralisk x3, Roach x3  
  77  10:20  Ravager  
  77  10:21  Ravager x2  
  80  10:24  Hydralisk x2  
  80  10:25  Hydralisk x2  
  80  10:26  Roach  
  80  10:27  Roach x3  
  96  10:42  Overlord x2  
  96  10:45  Overlord x2  
  96  11:39  Roach x4, Hydralisk x4  
  108  11:41  Roach x4, Hydralisk x2  
  108  11:44  Overlord x2  
  124  12:04  Roach x4, Hydralisk x3  
  124  12:05  Hydralisk  
  124  12:07  Overlord  
  96  13:23  Hydralisk x6  
  96  13:24  Hydralisk x2  
  96  13:25  Roach x5  
  96  13:26  Roach x3, Hydralisk x2  
  99  14:10  Zergling x14  
  99  14:11  Zergling x4  
Show
View Real Time Build Order
Export as new Build Order

A.I. 1 (Elite) Terran 

Build Orders: 2 Factory, Mech 

Get SALT Encoding   

  8  0:00  SCV  
  9  0:13  SCV  
  10  0:25  SCV  
  11  0:37  SCV  
  12  0:46  Supply Depot  
  12  0:49  SCV  
  13  1:08  SCV  
  13  1:10  Barracks  
  14  1:20  SCV  
  15  1:32  SCV  
  16  1:44  SCV  
  17  1:49  Refinery  
  17  1:56  SCV  
  17  1:59  Marine, Supply Depot  
  19  2:08  SCV  
  20  2:12  Refinery  
  20  2:17  Marine  
  20  2:21  SCV  
  22  2:33  SCV  
  22  2:35  Marine  
  24  2:45  SCV  
  24  2:47  Factory  
  25  2:52  Marine  
  25  2:57  SCV  
  27  3:05  Factory  
  27  3:09  SCV  
  27  3:10  Marine  
  29  3:13  Supply Depot  
  29  3:34  Marine, SCV  
  29  3:35  Factory Tech Lab  
  31  3:46  SCV  
  32  3:49  Factory Tech Lab  
  32  3:52  Marine  
  33  3:58  SCV  
  34  4:11  SCV  
  34  4:16  Barracks  
  35  4:23  SCV  
  36  4:35  SCV  
  36  4:36  Supply Depot  
  37  4:57  SCV, Siege Tank  
  41  5:01  Marine  
  41  5:03  Supply Depot  
  42  5:09  SCV  
  42  5:11  Barracks Tech Lab  
  43  5:19  Command Center  
  43  5:21  SCV  
  43  5:25  Hellion  
  43  5:27  Factory  
  46  5:29  Siege Tank, Supply Depot  
  46  5:33  SCV  
  50  5:46  Infernal Pre-Igniter, Orbital Command  
  50  5:47  Hellion  
  52  5:53  Supply Depot  
  52  5:59  Marine  
  52  6:01  Siege Tank  
  56  6:08  Hellion  
  58  6:15  Hellion  
  58  6:16  Supply Depot  
  60  6:23  Armory  
  60  6:29  Siege Tank  
  60  6:32  SCV  
  64  6:33  SCV  
  65  6:44  SCV  
  65  6:45  SCV  
  67  6:51  Siege Tank  
  70  6:56  Armory  
  70  6:57  SCV  
  70  6:58  SCV  
  70  7:00  Command Center  
  72  7:09  SCV  
  72  7:10  SCV  
  72  7:11  Terran Vehicle And Ship Armor Level 1  
  72  7:14  Siege Tank  
  77  7:18  Hellion  
  77  7:21  SCV  
  80  7:24  Hellion  
  80  7:26  SCV, Supply Depot  
  80  7:29  Marine  
  84  7:33  SCV, Marauder  
  87  7:38  SCV  
  87  7:43  Terran Vehicle Weapons Level 1  
  88  7:47  Refinery  
  88  7:48  SCV  
  88  7:51  Supply Depot  
  89  7:54  Marauder  
  91  8:03  Engineering Bay  
  91  8:07  Refinery  
  91  8:10  SCV x2  
  92  8:15  Supply Depot  
  92  8:16  Marauder  
  94  8:22  SCV  
  95  8:29  Orbital Command, Engineering Bay  
  95  8:31  Terran Infantry Armor Level 1  
  95  8:34  SCV, Missile Turret  
  96  8:37  Marauder  
  96  8:39  Supply Depot  
  98  8:46  SCV, Missile Turret  
  84  8:51  Hellion  
  84  8:52  Marine  
  84  8:54  Terran Infantry Weapons Level 1  
  69  8:58  Hellion, SCV  
  69  8:59  Marauder  
  67  9:07  Hellion  
  68  9:10  Marine  
  68  9:12  Siege Tank  
  67  9:19  Hellion  
  67  9:20  Marauder  
  69  9:28  Marine, Hellion  
  55  9:40  SCV  
  55  9:41  Hellion, Marauder  
  55  9:44  Siege Tank  
  60  9:46  Marine  
  60  10:03  Marauder, Marine  
  63  10:08  Command Center  
  63  10:21  Marine  
  63  10:24  Marauder  
  63  10:28  SCV  
  67  10:39  Marine  
  67  10:40  SCV  
  69  10:45  Marine  
  70  10:52  SCV  
  70  10:55  Siege Tank  
  74  10:57  Marine  
  75  11:07  Siege Tank  
  78  11:15  Marauder  
  80  11:38  Siege Tank  
  80  11:39  Siege Tank  
  86  11:42  Hellion  
  88  11:54  Command Center  
  88  11:59  Marine  
  88  12:01  Marine  
  90  12:03  Hellion  
  90  12:06  Terran Infantry Weapons Level 2  
  92  12:16  Thor  
  98  12:28  Thor  
  104  12:34  Terran Vehicle Weapons Level 2  
  104  12:39  Orbital Command  
  104  12:41  Factory Tech Lab  
  104  12:53  Marauder  
  104  12:56  Supply Depot  
  106  13:00  Siege Tank  
  106  13:02  Siege Tank  
  112  13:08  SCV  
  103  13:14  Marauder  
  76  13:21  Marine  
  65  13:28  Hellion  
  65  13:32  SCV, Hellion  
  69  13:35  Marine, SCV  
  69  13:39  Marine  
  60  13:43  Command Center  
  60  13:44  SCV  
  57  13:53  Marauder  
  59  13:56  Marine  
  60  14:03  SCV  
  61  14:11  SCV  
  61  14:14  Marine  
  61  14:15  SCV  
  64  14:17  Marine  
  64  14:23  SCV  
  66  14:28  SCV  
  56  14:32  Marine  
Tags
 
Add a new tag
Caveats
  • Supply blocks, unpowered buildings, or Contaminate may cause inaccurate times.
  • Supply counts are checked every 10 seconds.